 Dungeon Crawl Stone Soup version 0.24-a0-769-g368c1644f8 (webtiles) character file.

Game seed: 9803025428741055938, levelgen mode: deterministic

380 Arixos the Sneak (level 6, -5/35 HPs)
             Began as a Vampire Enchanter on Oct 4, 2019.
             Slain by a mummy (11 damage)
             ... in an ossuary.
             The game lasted 00:26:42 (5201 turns).

Arixos the Sneak (Vampire Enchanter)                Turns: 5201, Time: 00:26:43

Health: -5/35      AC:  4    Str:  7    XL:     6   Next: 46%
Magic:  3/10       EV: 13    Int: 19    God:
Gold:   143        SH:  0    Dex: 17    Spells: 5/11 levels left

rFire    + . .     SeeInvis +   m - +0 rapier
rCold    + + .     Gourm    .   (no shield)
rNeg     + + +     Faith    .   q - +0 leather armour
rPois    ∞         Spirit   .   (no helmet)
rElec    .         Reflect  .   e - +0 cloak
rCorr    .         Harm     .   (no gloves)
MR       .....                  (no boots)
Stlth    +++++.....             (no amulet)
HPRegen  0.00/turn              k - +2 ring of intelligence
MPRegen  0.12/turn              s - ring of protection from fire

@: bloodless, regenerating quickly
A: no food, fangs 3, see invisible, unbreathing
a: Bat Form, Revivify


You were in an ossuary.
You were bloodless.

You visited 1 branch of the dungeon, and saw 4 of its levels.
You also visited: Ossuary.

You collected 143 gold pieces.

Inventory:

Hand Weapons
 m - a +0 rapier (weapon)
Armour
 e - a +0 cloak (worn)
 q - a +0 leather armour (worn)
Jewellery
 b - a +3 ring of intelligence
 k - a +2 ring of intelligence (left hand)
 s - a ring of protection from fire (right hand)
Wands
 j - a wand of random effects (17)
Scrolls
 f - 2 scrolls of identify
 i - 2 scrolls of fear


   Skills:
 + Level 1.9 Fighting
 + Level 2.8 Short Blades
 + Level 3.5 Dodging
 + Level 6.0 Stealth
 + Level 3.0 Spellcasting
 + Level 5.6 Hexes
 - Level 2.0 Ice Magic


You had 5 spell levels left.
You knew the following spells:

 Your Spells              Type           Power        Failure   Level  Hunger
a - Ensorcelled Hibernat  Hex/Ice        ###...       7%          2    N/A
b - Corona                Hex            ###....      2%          1    N/A
c - Confuse               Hex            ###.....     7%          3    N/A

Your spell library contained the following spells:

 Spells                   Type           Power        Failure   Level  Hunger
 Tukima's Dance           Hex            ###.....     7%          3    N/A
 Dazzling Spray           Conj/Hex       ##....       22%         3    N/A

Dungeon Overview and Level Annotations

Branches:
Dungeon (4/15)            Ossuary (1/1)
 Temple: D:4-7

Altars:
Okawaru


Innate Abilities, Weirdness & Mutations

You do not eat.
You do not regenerate when monsters are visible.
You are frail without blood (-20% HP).
You are immune to poison.
You have razor-sharp teeth.
You have supernaturally acute eyesight. (SInv)
You can survive without breathing.


Message History

Evoke which item? (* to show all) (? for menu, Esc to quit)
Okay, then.
Evoke which item? (* to show all) (? for menu, Esc to quit)
Aiming: Random Effects
Press: ? - help, Shift-Dir - straight line, f/p - mummy
Aim: a mummy (lightly damaged, slightly transparent)
The mummy resists with significant effort.
Your magical contamination has completely faded away.
Evoke which item? (* to show all) (? for menu, Esc to quit)
Aiming: Random Effects
Press: ? - help, Shift-Dir - straight line, f/p - mummy
Aim: a mummy (lightly damaged, slightly transparent)
The mummy seems to speed up.
You hit the mummy. You bite the mummy.
The mummy is moderately damaged.
The mummy completely misses you.
You barely miss the mummy.
The mummy is moderately damaged.
The mummy hits you!
You die...

##...... ##.....M
### #......##..##
...
#.....##....##....
#.................
##...............
##..............
#+##........#
##.@....##
##M...## #....#
#....# #....#
#....# #....#
#....# #....#


You could see a mummy (invisible).

Vanquished Creatures
  Jessica (D:2)
  Terence (D:2)
  An orc wizard (D:3)
  2 worker ants (D:4)
  5 mummies (Ossuary)
  A gnoll (D:1)
  A howler monkey skeleton (D:4)
  5 adders
  5 oozes
  5 worms
  A dart slug (D:1)
  4 leopard geckos
  5 orcs (D:3)
  A gnoll zombie (Ossuary)
  10 hobgoblins
  3 jackals (D:3)
  8 bats
  6 frilled lizards
  6 goblins
  A hobgoblin zombie (Ossuary)
  A jackal skeleton (D:4)
  8 kobolds
  4 kobold zombies (Ossuary)
  A leopard gecko skeleton (D:4)
  2 orc zombies (Ossuary)
  10 rats
98 creatures vanquished.

Notes
Turn   | Place    | Note
-------+----------+-------------------------------------------
     0 | D:1      | Arixos the Vampire Enchanter began the quest for the Orb.
     0 | D:1      | Reached XP level 1. HP: 13/13 MP: 3/3
    86 | D:1      | Reached XP level 2. HP: 16/16 MP: 5/5
    92 | D:1      | Learned a level 2 spell: Ensorcelled Hibernation
   654 | D:1      | Reached XP level 3. HP: 9/20 MP: 0/6
  1235 | D:2      | Noticed Terence
  1811 | D:2      | Killed Terence
  1811 | D:2      | Reached skill level 1 in Fighting
  1811 | D:2      | Reached skill level 5 in Stealth
  1811 | D:2      | Reached XP level 4. HP: 25/25 MP: 4/7
  1817 | D:2      | Learned a level 3 spell: Confuse
  2089 | D:2      | Reached skill level 5 in Hexes
  2198 | D:2      | Found an iron altar of Okawaru.
  2219 | D:2      | Noticed Jessica
  2224 | D:2      | Killed Jessica
  2224 | D:2      | Reached skill level 1 in Ice Magic
  2356 | D:2      | Reached XP level 5. HP: 29/29 MP: 8/8
  4395 | D:4      | Reached XP level 6. HP: 31/34 MP: 0/10
  4515 | D:4      | Found a sand-covered staircase.
  4520 | Ossuary  | Entered an ossuary
  4764 | Ossuary  | Reached skill level 6 in Stealth
  5201 | Ossuary  | Slain by a mummy

Levels and vault maps discovered:
D:1:      elethiomel_arrival_infinity_welcomes_careful_drivers,
          layout_loops_ring, serial_glass, glass_columns_a, glass_columns_a,
          minmay_strange_pillars, due_unseen_surprise, minmay_strange_pillars
D:2:      layout_loops_corners, okawaru_ov_weapons_minmay,
          minmay_misc_feat_rows, uniq_terence, uniq_jessica
D:3:      layout_basic, hex_medium, minivault_5, st_stairs_4
D:4:      layout_gridville, minmay_temple_entry_poolview,
          nicolae_ossuary_entry_false_entrances, first_ration,
          gup_sewer_entry_pipe, lemuel_statue_altar
Ossuary:  ossuary_tomb_3

Skill      XL: |  1  2  3  4  5  6 |
---------------+-------------------+-----
Fighting       | 1 |  1.9
Stealth        | 5 6 |  6.0
Short Blades   | 2 |  2.8
Hexes          | 5 |  5.6
Dodging        | 3 |  3.5
Ice Magic      | 1 2 |  2.0
Spellcasting   | 3 |  3.0

Action                   |  1- 3 |  4- 6 || total
-------------------------+-------+-------++-------
Melee: Dagger            |   101 |    38 ||   139
       Bite              |    10 |    13 ||    23
       Rapier            |       |   111 ||   111
 Cast: Corona            |     1 |       ||     1
       Ensorcelled Hiber |    20 |    24 ||    44
       Confuse           |       |    26 ||    26
 Abil: Exsanguinate      |     1 |       ||     1
Evoke: Wand              |       |     4 ||     4
  Use: Scroll            |       |     5 ||     5
       Potion            |       |     6 ||     6
 Stab: Sleeping          |    16 |    45 ||    61
       Confused          |       |     5 ||     5
       Distracted        |       |     1 ||     1
       Invisible         |       |     1 ||     1
Armor: Robe              |    20 |    10 ||    30
       Leather armour    |       |     7 ||     7
Dodge: Dodged            |   101 |    77 ||   178

Table legend:
 A = Non-vault XP
 B = Vault XP
 C = Vault XP percentage of total XP
 D = Non-vault monster count
 E = Vault monster count
 F = Vault count percentage of total count
                 A         B        C        D         E       F
            +---------+---------+-------+---------+---------+-------
      Total |     362 |     181 |  33.3 |      81 |      17 |  17.3
            +---------+---------+-------+---------+---------+-------
        D:1 |      62 |       0 |   0.0 |      26 |       0 |   0.0
        D:2 |      84 |      73 |  46.5 |      24 |       2 |   7.7
        D:3 |     129 |       6 |   4.4 |      25 |       2 |   7.4
        D:4 |      87 |       0 |   0.0 |       6 |       0 |   0.0
    Ossuary |       0 |     102 | 100.0 |       0 |      13 | 100.0
            +---------+---------+-------+---------+---------+-------
